 Dungeon Crawl Stone Soup version 0.22.1-1-ga44c0e5 (webtiles) character file.

25736 danilin1 the Fighter (level 12, -1/151 HPs)
             Began as a Minotaur Berserker on Nov 11, 2018.
             Was a Follower of Trog.
             Slain by a 19-headed hydra (6 damage)
             ... on level 1 of the Swamp.
             The game lasted 01:12:58 (13861 turns).

danilin1 the Fighter (Minotaur Berserker)          Turns: 13861, Time: 01:12:58

Health: -1/151     AC: 26    Str: 33    XL:     12   Next: 92%
Magic:  11/11      EV: 10    Int:  4    God:    Trog [*.....]
Gold:   644        SH: 25    Dex: 11    Spells: 11/11 levels left

rFire    . . .     SeeInvis .   I - +8 hand axe of Gallantry {holy, Str+2}
rCold    . . .     Gourm    .   V - +2 large shield
rNeg     . . .     Faith    .   k - +1 plate armour
rPois    +         Spirit   .   G - +1 hat
rElec    .         Reflect  +   J - +2 cloak
rCorr    .         Harm     .   (no gloves)
MR       +....                  o - +2 pair of boots
Stlth    ..........             W - +5 amulet of reflection
HPRegen  0.35/turn              t - ring of poison resistance
MPRegen  0.12/turn              X - ring of protection from magic

@: berserking, very quick
A: retaliatory headbutt, horns 2, icy blue scales 1, frail 1
a: Berserk, Renounce Religion


You were on level 1 of the Swamp.
You worshipped Trog.
Trog was aware of your devotion.
You were very hungry.

You visited 3 branches of the dungeon, and saw 14 of its levels.
You also visited: Trove and Sewer.

You collected 644 gold pieces.

Inventory:

Hand Weapons
 q - a +6 broad axe of electrocution
 v - the +0 executioner's axe of Gioqasu {drain, rPois Str+2 Int+3}
   (You found it in a treasure trove)

   A truly terrible weapon, it drains the life of those it strikes.
   It affects your strength (+2).
   It affects your intelligence (+3).
   It protects you from poison.
 B - a +3 executioner's axe of flaming
 I - the +8 hand axe of Gallantry (weapon) {holy, Str+2}
   (You found it on level 9 of the Dungeon)

   It has been blessed by the Shining One to cause great damage to the undead
   and demons.
   It affects your strength (+2).
 Q - the +7 battleaxe of Tumult {antimagic, rN+}
   (You found it in a treasure trove)

   It reduces the magical energy of the wielder, and disrupts the spells and
   magical abilities of those hit.
   Natural abilities and divine invocations are not affected.
   It protects you from negative energy.
 T - a +1 war axe of electrocution
Armour
 k - a +1 plate armour (worn)
 o - a +2 pair of boots (worn)
 G - a +1 hat (worn)
 J - a +2 cloak (worn)
 V - a +2 large shield (worn)
Jewellery
 t - a ring of poison resistance (left hand)
 E - an uncursed ring of fire
 W - a +5 amulet of reflection (around neck)
 X - a ring of protection from magic (right hand)
Wands
 b - a wand of flame (31)
 d - a wand of paralysis (9)
 H - a wand of polymorph (14)
 K - a wand of disintegration (18)
 L - a wand of enslavement (20)
 O - a wand of acid (20)
 Y - a wand of digging (12)
Scrolls
 a - 3 scrolls of fear
 e - a scroll of identify
 g - 3 scrolls of fog
 i - 5 scrolls of blinking
 l - 3 scrolls of remove curse
 m - 2 scrolls of amnesia
 u - 2 scrolls of enchant weapon
 y - 8 scrolls of teleportation
 C - a scroll of holy word
 D - a scroll of noise
 M - 4 scrolls of enchant armour
 Z - 2 scrolls of immolation
Potions
 f - a potion of magic {unknown}
 h - 3 potions of flight
 j - 9 potions of curing
 p - 2 potions of lignification {unknown}
 s - 2 potions of agility {unknown}
 w - 3 potions of mutation
 x - 2 potions of heal wounds {unknown}
 z - 2 potions of haste {unknown}
 A - a potion of cancellation {unknown}
 F - 3 potions of brilliance
 N - a potion of ambrosia {unknown}
 U - 2 potions of berserk rage {unknown}
Comestibles
 c - 16 rations


   Skills:
 + Level 12.9 Fighting
 + Level 12.9 Axes
 + Level 12.6 Armour
 + Level 11.7 Dodging
 * Level 7.1 Shields


You had 11 spell levels left.
You didn't know any spells.
Your spell library was empty.

Dungeon Overview and Level Annotations

Branches:
Dungeon (10/15)            Temple (0/1) D:6            Lair (2/6) D:10
  Swamp (2/4) Lair:2          Orc (0/2) D:9
  Snake: Lair:2-4    Spider: Lair:2-4

Altars:
Ashenzari
Cheibriados
Elyvilon
Fedhas
Gozag
Hepliaklqana
Kikubaaqudgha
Makhleb
Qazlal
Sif Muna
Trog
Yredelemnul
Zin
The Shining One

Shops:
D:5 ?   D:6 }

Annotations:
D:6 1 runed door


Innate Abilities, Weirdness & Mutations

You reflexively headbutt those who attack you in melee.
You have a pair of horns on your head.
You are partially covered in icy blue scales. (AC +2)
You are frail. (-10% HP)


Message History

The 17-headed hydra bites you but does no damage.
The 17-headed hydra bites you!
* * * LOW HITPOINT WARNING * * *
You lop one of the 17-headed hydra's heads off!
The 16-headed hydra grows two more!
You slash the 18-headed hydra!
The 18-headed hydra is almost dead.
You hack one of the 18-headed hydra's heads off!
The 17-headed hydra grows two more!
You slash the 19-headed hydra!
The 19-headed hydra is almost dead.
You block the 19-headed hydra's attack. x2
The 19-headed hydra bites you but does no damage. x2
You block the 19-headed hydra's attack. The 19-headed hydra bites you.
* * * LOW HITPOINT WARNING * * *
You block the 19-headed hydra's attack. The 19-headed hydra bites you!
* * * LOW HITPOINT WARNING * * *
The 19-headed hydra bites you!
* * * LOW HITPOINT WARNING * * *
The 19-headed hydra bites you but does no damage. x2
The 19-headed hydra misses you. The 19-headed hydra bites you.
You die...

≈≈≈≈≈.≈.♣ ♣...♣♣ ♣...≈≈.≈≈♣
≈.....≈.♣ ♣.≈≈.♣♣♣♣.≈≈≈≈.≈.≈
.≈≈.♣.≈♣♣ ♣♣♣≈≈≈≈..≈..♣♣♣♣.≈≈.
.≈≈≈...♣ ♣.♣≈♣≈≈≈≈♣.......≈≈.
♣≈...≈.♣ ♣♣..≈.≈..≈..≈.≈≈≈....
≈...≈♣.♣ ♣♣...≈§≈≈≈≈♣≈≈.≈♣≈≈≈.♣
♣.≈..♣♣♣ ♣..♣..≈♣♣.♣≈≈≈≈≈≈♣≈≈.♣
♣§♣♣.♣ ♣.♣♣♣.D≈≈≈≈≈..§≈≈♣...♣
♣≈♣♣.♣♣♣♣♣♣♣.♣ ♣@♣≈....≈≈≈≈≈≈.≈.♣
.♣♣♣.........♣ ♣....≈.♣.≈≈≈≈..≈.♣
♣♣♣♣♣♣♣♣♣♣♣♣♣♣♣♣♣≈..≈.♣≈≈≈...≈≈.♣
.......)...(......≈.≈≈♣.§≈♣≈...♣♣
♣♣♣♣♣♣♣♣♣♣♣♣♣♣♣♣♣≈≈.≈....≈≈≈.≈≈♣
≈≈♣♣.........♣♣...≈§..♣≈≈♣≈≈.≈.♣
.♣♣♣.♣♣♣♣♣♣♣.♣♣♣......♣≈.♣≈≈≈..♣
..|♣.♣ ♣.♣♣..≈..≈§≈≈.♣≈≈♣.♣♣
..♣..♣♣ ♣..♣.≈≈≈.≈♣.≈≈≈≈≈≈.♣


You could see a 19-headed hydra.

Vanquished Creatures
  Gastronok (D:8)
  An ettin (D:9)
  3 two-headed ogres
  9 alligators (Swamp:1)
  2 spriggans (Swamp:1)
  The ghost of Phantomfrettchen the Skirmisher, a novice TeCK of Xom (D:6)
  A gargoyle (D:9)
  4 spiny frogs
  A kobold demonologist (D:6)
  2 trolls
  A meliai (D:9)
  3 polar bears (Lair:1)
  3 hornets (Swamp:1)
  2 hippogriffs
  3 bog bodies
  Prince Ribbit (D:5)
  12 yaks
  A hungry ghost (D:9)
  3 wargs (D:10)
  7 swamp worms
  7 insubstantial wisps (Swamp:1)
  2 water moccasins (Lair:2)
  3 porcupines
  2 swamp drakes (Swamp:1)
  An ice beast (D:5)
  A black bear (D:6)
  3 eyes of draining
  An orc warrior (D:9)
  A phantom (D:3)
  2 sky beasts
  3 wolves (Lair:1)
  5 ogres
  5 centaurs
  4 crocodiles
  14 big kobolds
  5 bullfrogs
  4 scorpions
  17 killer bees
  5 wights (D:10)
  An electric eel (Lair:2)
  5 crimson imps
  A bullfrog zombie (D:5)
  A quasit (D:5)
  2 orc priests
  4 hounds
  3 jellies
  8 orc wizards
  3 iron imps (D:6)
  Terence (D:2)
  2 iguanas
  5 worker ants
  A hound zombie (D:9)
  2 hound skeletons
  A worker ant zombie (D:3)
  7 adders
  A river rat (Sewer)
  An ooze (D:1)
  An adder zombie (D:5)
  5 worms
  A dart slug (D:1)
  A leopard gecko (D:2)
  23 orcs
  A ball python (D:1)
  5 giant cockroaches
  5 goblins
  12 hobgoblins
  4 jackals
  4 quokkas
  6 bats
  5 frilled lizards
  A jackal skeleton (D:8)
  23 kobolds
  7 rats
  A plant (D:10)
300 creatures vanquished.

Vanquished Creatures (others)
  A giant cockroach (D:5)
  2 fungi
  6 plants
9 creatures vanquished.

Grand Total: 309 creatures vanquished

Notes
Turn   | Place    | Note
-------+----------+-------------------------------------------
     0 | D:1      | danilin1 the Minotaur Berserker began the quest for the
                  | Orb.
     0 | D:1      | Reached XP level 1. HP: 19/19 MP: 0/0
   277 | D:1      | Reached XP level 2. HP: 23/27 MP: 1/1
   693 | D:1      | Reached XP level 3. HP: 31/33 MP: 2/2
  1090 | D:2      | Found a blossoming altar of Fedhas.
  1339 | D:2      | Reached ** piety under Trog
  1537 | D:2      | Noticed Terence
  1547 | D:2      | Killed Terence
  1547 | D:2      | Reached XP level 4. HP: 41/41 MP: 3/3
  1842 | D:3      | Found a basalt altar of Yredelemnul.
  1957 | D:3      | Reached XP level 5. HP: 47/47 MP: 4/4
  2067 | D:3      | Found a glowing drain.
  2076 | Sewer    | Entered a sewer
  2148 | Sewer    | Reached skill level 5 in Fighting
  2148 | Sewer    | Reached skill level 5 in Axes
  2175 | Sewer    | Found a white marble altar of Elyvilon.
  2278 | D:4      | Noticed a phantom
  2306 | D:4      | Reached XP level 6. HP: 43/56 MP: 5/5
  2605 | D:4      | Reached skill level 5 in Armour
  2605 | D:4      | Reached XP level 7. HP: 58/62 MP: 6/6
  2903 | D:4      | Reached *** piety under Trog
  2903 | D:4      | Reached skill level 5 in Dodging
  3343 | D:4      | Gained mutation: You are frail. (-10% HP) [potion of
                  | mutation]
  3343 | D:4      | Gained mutation: You are partially covered in icy blue
                  | scales. (AC +2) [potion of mutation]
  3360 | D:5      | Entered Level 5 of the Dungeon
  3360 | D:5      | Noticed Prince Ribbit
  3412 | D:5      | Killed Prince Ribbit
  3412 | D:5      | Reached XP level 8. HP: 53/63 MP: 7/7
  3436 | D:5      | Found a glowing golden altar of the Shining One.
  3439 | D:5      | Found Ihotow's Magic Scroll Emporium.
  3534 | D:5      | Found a bloodstained altar of Trog.
  3760 | D:5      | Found a white marble altar of Elyvilon.
  4080 | D:5      | Found a hazy altar of Hepliaklqana.
  4081 | D:5      | Found a stormy altar of Qazlal.
  4266 | D:6      | Found a glowing silver altar of Zin.
  4281 | D:6      | Noticed an angel
  4282 | D:6      | Found a runed door.
  4412 | D:6      | Reached **** piety under Trog
  4440 | D:6      | Found an opulent altar of Gozag.
  4499 | D:6      | Found a staircase to the Ecumenical Temple.
  4583 | D:6      | Found Binnemab's Gadget Shoppe.
  4628 | D:6      | Found a burning altar of Makhleb.
  4743 | D:6      | Found a snail-covered altar of Cheibriados.
  4776 | D:6      | Found a runed gate.
  4776 | D:6      | Noticed Phantomfrettchen's ghost (novice TeCK)
  4776 | D:6      | Noticed a kobold demonologist
  4778 | D:6      | Found a runed gate.
  4778 | D:6      | Found a runed gate.
  5850 | D:7      | Noticed a two-headed ogre
  5858 | D:7      | Killed a two-headed ogre
  5858 | D:7      | Reached XP level 9. HP: 41/73 MP: 8/8
  6335 | D:7      | Found a shattered altar of Ashenzari.
  6535 | D:8      | Noticed a troll
  6543 | D:8      | Killed a troll
  6898 | D:8      | Noticed Gastronok
  6909 | D:8      | Killed Gastronok
  6909 | D:8      | Reached XP level 10. HP: 83/83 MP: 9/9
  6938 | D:8      | Reached skill level 10 in Axes
  7087 | D:8      | Reached skill level 10 in Fighting
  7302 | D:9      | Noticed a two-headed ogre
  7302 | D:9      | Noticed a two-headed ogre
  7312 | D:9      | Killed a two-headed ogre
  7316 | D:9      | Killed a two-headed ogre
  7316 | D:9      | Reached skill level 10 in Armour
  7359 | D:9      | Found an ancient bone altar of Kikubaaqudgha.
  7472 | D:9      | Noticed a gargoyle
  7494 | D:9      | Killed a gargoyle
  7494 | D:9      | Reached XP level 11. HP: 54/90 MP: 10/10
  7645 | D:9      | Noticed an ettin
  7651 | D:9      | Killed an ettin
  8068 | D:9      | Got a steaming hand axe
  8078 | D:9      | Identified the +8 hand axe of Gallantry {holy, Str+2} (You
                  | found it on level 9 of the Dungeon)
  8210 | D:9      | Found a staircase to the Orcish Mines.
  8225 | D:9      | Found a deep blue altar of Sif Muna.
  8542 | D:6      | Killed Phantomfrettchen's ghost
  8542 | D:6      | Reached skill level 10 in Dodging
  9004 | D:10     | Entered Level 10 of the Dungeon
  9246 | D:10     | Reached ***** piety under Trog
  9503 | D:10     | Found a staircase to the Lair.
  9528 | Lair:1   | Entered Level 1 of the Lair of Beasts
  9928 | D:10     | Found a portal to a secret trove of treasure.
  9937 | Trove    | Entered a treasure trove
  9941 | Trove    | Found the +4 arc blade {discharge, rElec}
  9950 | Trove    | Got an ichor-stained executioner's axe
  9956 | Trove    | Got a translucent battleaxe
  9959 | Trove    | Got a translucent battleaxe
  9983 | D:10     | Identified the +0 executioner's axe of Gioqasu {drain,
                  | rPois Str+2 Int+3} (You found it in a treasure trove)
  9986 | D:10     | Identified the +7 battleaxe of Tumult {antimagic, rN+} (You
                  | found it in a treasure trove)
  9987 | D:10     | Identified the +0 battleaxe of Tortfeasance {antimagic, rF+
                  | MP+9 Int-2} (You found it in a treasure trove)
 11389 | Lair:2   | Reached skill level 1 in Shields
 11389 | Lair:2   | Reached XP level 12. HP: 88/100 MP: 11/11
 11803 | Lair:2   | Reached * piety under Trog
 12013 | Lair:2   | Found a staircase to the Swamp.
 12037 | Swamp:1  | Entered Level 1 of the Swamp
 12142 | Swamp:1  | Noticed an alligator
 12142 | Swamp:1  | Noticed an alligator
 12165 | Swamp:1  | Killed an alligator
 12177 | Swamp:1  | Killed an alligator
 12683 | Swamp:1  | Reached skill level 5 in Shields
 12685 | Swamp:1  | Noticed an alligator
 12818 | Swamp:1  | Noticed an alligator
 12822 | Swamp:1  | Killed an alligator
 12828 | Swamp:1  | Killed an alligator
 12869 | Swamp:1  | Noticed an alligator
 12888 | Swamp:1  | Killed an alligator
 13129 | Swamp:1  | Noticed an alligator
 13142 | Swamp:1  | Killed an alligator
 13167 | Swamp:1  | Noticed an alligator
 13183 | Swamp:1  | Killed an alligator
 13467 | Swamp:1  | Noticed an alligator
 13476 | Swamp:1  | Killed an alligator
 13548 | Swamp:1  | Noticed an alligator
 13569 | Swamp:1  | Killed an alligator
 13827 | Swamp:2  | Noticed a six-headed hydra
 13861 | Swamp:1  | HP: 5/151 [19-headed hydra (9)]
 13861 | Swamp:1  | Slain by a 19-headed hydra

Skill      XL: |  1  2  3  4  5  6  7  8  9 10 11 12 |
---------------+-------------------------------------+-----
Axes           | 4 5 6 8 9 10 12 | 12.9
Fighting       | 4 5 6 8 9 10 12 | 12.9
Armour         | 3 4 5 6 7 9 10 11 12 | 12.6
Dodging        | 3 4 5 7 8 9 10 11 | 11.7
Shields        | 1 7 |  7.1

Action                   |  1- 3 |  4- 6 |  7- 9 | 10-12 || total
-------------------------+-------+-------+-------+-------++-------
Melee: Hand axe          |    76 |    14 |       |   416 ||   506
       Headbutt          |    15 |    13 |    46 |   124 ||   198
       War axe           |       |    65 |   216 |    95 ||   376
Invok: Berserk           |     1 |     1 |     4 |     9 ||    15
  Use: Scroll            |     2 |       |     1 |    11 ||    14
       Potion            |       |       |     4 |       ||     4
  Eat: Chunk             |     2 |     5 |    10 |    11 ||    28
       Ration            |       |       |     2 |     6 ||     8
Armor: Leather armour    |     8 |    13 |     1 |       ||    22
       Scale mail        |       |       |   111 |   147 ||   258
       Plate armour      |       |       |       |    51 ||    51
Dodge: Dodged            |    48 |    51 |   151 |   291 ||   541
Block: Large shield      |       |       |       |   248 ||   248
       Reflection        |       |       |       |     6 ||     6
